 Dungeon Crawl Stone Soup version 0.14-a0-2052-gb76ddfe (webtiles) character file.

604 MackTheKnife the Covert (level 7, -2/40 HPs)
             Began as a Kobold Assassin on Jan 20, 2014.
             Slain by a giant frog (5 damage)
             ... while paralysed by a potion of paralysis
             ... in a sewer.
             The game lasted 00:14:17 (4140 turns).

MackTheKnife the Covert (Kobold Assassin)           Turns: 4140, Time: 00:14:18

HP  -2/40        AC  7     Str 15      XL: 7   Next: 20%
MP   7/7         EV  3     Int  9      God:
Gold 171         SH  0     Dex 19      Spells:  0 memorised,  6 levels left

rFire  . . .     SeeInvis .     a - +2 dagger
rCold  . . .     Clarity  .     o - +3 leather armour {MR+}
rNeg   . . .     Conserve .     (no shield)
rPois  .         rCorr    .     (no helmet)
rElec  .         rRot     .     d - +0 cloak
SustAb . .       Spirit   .     (no gloves)
rMut   .         Warding  .     (no boots)
Saprov + + .     Stasis   .     (no amulet)
MR     ++...                    (no ring)
                                B - ring of protection from magic

@: paralysed, mighty, very resistant to hostile enchantments, very stealthy
A: disease resistance, carnivore 3, saprovore 2
a: no special abilities


You were in a sewer.
You were very full.

You visited 1 branch of the dungeon, and saw 4 of its levels.
You also visited: Sewer and Ossuary.

You collected 171 gold pieces.


Innate Abilities, Weirdness & Mutations

You recuperate from illness quickly.
You are small and have problems with some larger weapons.
You are carnivorous and can eat meat at any time.
You can eat rotten meat.


   Skills:
 - Level 2.1 Fighting
 + Level 5.3 Short Blades
 - Level 2.6 Throwing
 + Level 4.3 Dodging
 - Level 8.8 Stealth


You had 6 spell levels left.
You didn't know any spells.

Inventory:

Hand weapons
 a - a +2,+2 dagger (weapon)
 b - a +0 blowgun
 c - a +0,+0 orcish dagger of venom
Missiles
 e - 19 poisoned needles
 f - 2 curare-tipped needles
 l - a throwing net (quivered)
Armour
 d - a +0 cloak (worn)
 j - a cursed +0 robe
 o - a +3 leather armour of magic resistance (worn)
 y - a cursed +1 elven buckler
Magical devices
 q - a wand of slowing (8)
Comestibles
 g - a meat ration
Scrolls
 k - a scroll of remove curse
 n - a scroll of amnesia
Jewellery
 B - a ring of protection from magic (left hand)
Potions
 i - 3 potions of curing
 p - a potion of beneficial mutation {unknown}
 r - 2 potions of mutation {!q}
 s - 2 potions of brilliance
 u - a potion of lignification {unknown}
 v - a potion of heal wounds {unknown}
 w - a potion of resistance {unknown}
 x - a potion of cure mutation {unknown}

▒▒≈≈≈▒▒▒▒
▒≈≈≈·≈≈≈▒▒▒
▒≈≈·≈≈≈··≈▒▒▒▒▒▒
▒·≈%≈≈≈≈≈≈≈%≈≈≈▒▒▒
▒≈≈·≈·≈·≈······∩≈▒
▒≈≈···≈···≈≈··%≈∩▒
▒≈········≈·≈≈··≈▒
▒≈········≈▒▒▒≈▒▒▒
▒≈···FK···▒▒ ▒▒▒
▒≈···F··▒▒▒
▒≈···▒▒▒▒ ▒≈···▒
▒▒··▒▒ ▒··▒ ▒··▒
▒''▒ ▒≈·▒


You could see 2 giant frogs.


Message History

The giant frog hits you.
* * * LOW HITPOINT WARNING * * *
Drink which item? (? for menu, Esc to quit)
You feel better. The giant frog misses you. The giant frog misses you.
Drink which item? (? for menu, Esc to quit)
You feel better. The giant frog closely misses you. The giant frog hits you.
* * * LOW HITPOINT WARNING * * *
The giant frog closely misses you.
Read which item? (? for menu, Esc to quit)
Okay, then.
The giant frog is no longer moving slowly.
The giant frog closely misses you. The giant frog hits you.
* * * LOW HITPOINT WARNING * * *
Drink which item? (? for menu, Esc to quit)
You suddenly lose the ability to move!
It was a potion of paralysis.
The giant frog hits you.
* * * LOW HITPOINT WARNING * * *
The giant frog hits you but does no damage.
The giant frog hits you.
* * * LOW HITPOINT WARNING * * *
The giant frog hits you.
* * * LOW HITPOINT WARNING * * *
The giant frog barely misses you. The giant frog hits you.
* * * LOW HITPOINT WARNING * * *
The giant frog hits you.
* * * LOW HITPOINT WARNING * * *
The giant frog hits you.
You die...

Action                   |  1- 3 |  4- 6 |  7- 9 || total
-------------------------+-------+-------+-------++-------
Melee: Dagger            |   148 |   271 |    67 ||   486
       Morningstar       |       |     6 |       ||     6
Evoke: Wand              |       |       |     3 ||     3
  Use: Scroll            |       |    20 |       ||    20
       Potion            |       |     3 |     7 ||    10
 Stab: Sleeping          |     9 |    18 |     4 ||    31
       Distracted        |     1 |       |       ||     1

Vault maps used:
D:1:      zelgadis_glass_arrival_small, minmay_misc_feat_room
D:2:      first_bread, nicolae_underground_beach
D:4:      nicolae_ossuary_entry_plus, gup_sewer_entry_pipe
Sewer:    sewer_ribbit_badplayer
Ossuary:  ossuary_crypta

Notes
Turn   | Place    | Note
--------------------------------------------------------------
     0 | D:1      | MackTheKnife, the Kobold Assassin, began the quest for the Orb.
     0 | D:1      | Reached XP level 1. HP: 12/12 MP: 1/1
   201 | D:1      | Reached XP level 2. HP: 17/17 MP: 2/2
   232 | D:1      | Reached skill level 6 in Stealth
   680 | D:1      | Reached XP level 3. HP: 18/21 MP: 3/3
   955 | D:2      | Reached skill level 7 in Stealth
  1458 | D:2      | Reached XP level 4. HP: 23/26 MP: 4/4
  1710 | D:3      | Reached skill level 8 in Stealth
  1911 | D:3      | Reached XP level 5. HP: 30/30 MP: 5/5
  2609 | D:4      | Found a sand-covered staircase.
  2617 | Ossuary  | Entered an ossuary
  2660 | Ossuary  | Reached skill level 3 in Short Blades
  2739 | Ossuary  | Reached skill level 2 in Dodging
  2739 | Ossuary  | Reached XP level 6. HP: 35/35 MP: 6/6
  3072 | Ossuary  | Reached skill level 4 in Short Blades
  3292 | Ossuary  | Reached skill level 3 in Dodging
  3706 | D:4      | Reached XP level 7. HP: 35/40 MP: 7/7
  3716 | D:4      | Reached skill level 5 in Short Blades
  3814 | D:4      | Reached skill level 4 in Dodging
  3922 | D:4      | Found a glowing drain.
  3976 | Sewer    | Entered a sewer
  4138 | Sewer    | Paralysed by a potion of paralysis for 3 turns
  4140 | Sewer    | HP: 3/40 [giant frog (3)]
  4140 | Sewer    | Slain by a giant frog

Vanquished Creatures
  A centaur zombie (Ossuary)
  3 human zombies (Ossuary)
  An orc wizard (D:3)
  2 worker ants (D:4)
  2 mummies (Ossuary)
  4 gnolls
  5 adders
  2 giant mites
  2 worms
  3 giant geckos
  2 oozes
  5 orcs
  6 bats
  A bat skeleton (D:4)
  8 giant cockroaches
  5 hobgoblins
  3 jackals (D:4)
  2 quokkas (D:2)
  5 ball pythons (Sewer)
  8 giant newts
  8 goblins
  A goblin zombie (Ossuary)
  A hobgoblin zombie (Ossuary)
  7 kobolds
  A kobold zombie (Ossuary)
  An orc zombie (Ossuary)
  15 rats
104 creatures vanquished.
